 Dungeon Sprint DCSS version 0.22-a0-414-gacd343e (webtiles) character file.

609 Mgcat the Fighter (level 7, -29/79 HPs)
             Began as a Hill Orc Fighter on May 13, 2018.
             Was a Believer of Cheibriados.
             Annihilated by a white ugly thing (31 damage)
             ... in the Dungeon (Sprint IX: "|||||||||||||||||||||||||||||").
             The game lasted 00:01:59 (385 turns).

Mgcat the Fighter (Hill Orc Fighter)                 Turns: 385, Time: 00:02:00

Health: -29/79     AC: 11    Str: 29    XL:     7   Next: 43%
Magic:  7/7        EV:  7    Int: 13    God:    Cheibriados [**....]
Gold:   0          SH: 10    Dex: 15    Spells: 6/6 levels left

rFire    . . .     SeeInvis .   a - +0 flail
rCold    . . .     Gourm    .   c - +0 shield
rNeg     . . .     Faith    .   l - +1 scale mail
rPois    .         Spirit   .   (no helmet)
rElec    .         Reflect  .   r - +0 cloak
rCorr    .         Harm     .   (no gloves)
MR       .....     NoTele   +   (no boots)
Stlth    ..........             (no amulet)
HPRegen  0.23/turn              u - +2 ring of protection
MPRegen  0.10/turn              t - +3 ring of strength

@: very slow
A: no striking features
a: Bend Time, Renounce Religion


You were in the Dungeon.
You worshipped Cheibriados.
Cheibriados was pleased with you.
You were not hungry.

You visited 1 branch

Inventory:

Hand Weapons
 a - a +0 flail (weapon)
Armour
 c - a +0 shield (worn)
 l - a +1 scale mail (worn)
   (You found it in the Dungeon)
 r - a +0 cloak (worn)
   (You found it in the Dungeon)
Magical Staves
 p - an uncursed staff of energy {+MP, hungerless spells, !d!a@w1}
   (You found it in the Dungeon)
Jewellery
 t - a +3 ring of strength (right hand)
   (You found it in the Dungeon)
 u - a +2 ring of protection (left hand)
   (You found it in the Dungeon)
Wands
 q - a wand of acid (10)
   (You found it in the Dungeon)
Scrolls
 k - 2 scrolls of blinking {!r}
 n - 3 scrolls of remove curse
 o - 2 scrolls of amnesia
Potions
 d - a potion of might
 e - 5 potions of curing
 i - 4 potions of magic
 m - a potion of invisibility
Comestibles
 f - a ration


   Skills:
 + Level 13.2 Fighting
 + Level 12.0 Maces & Flails
 - Level 3.2 Armour
 - Level 3.2 Shields


You had 6 spell levels left.
You didn't know any spells.
Your spell library was empty.

Dungeon Overview and Level Annotations

Branches:
Dungeon (1/1)

Altars:
Cheibriados
Dithmenos
Elyvilon
Fedhas
Gozag
Hepliaklqana
Kikubaaqudgha
Makhleb
Nemelex Xobeh
Okawaru
Qazlal
Ru
Sif Muna
Trog
Uskayaw
Vehumet
Wu Jian
Xom
Yredelemnul
Zin
The Shining One
Beogh
Jiyva
Lugonu


Message History

a dagger; a leather armour x2; an orc corpse; a hippogriff corpse You see here a +0 cloak.
You thump the phantom!
The phantom is almost destroyed.
The phantom blinks!
There is an open door to the Dungeon, spattered with blood here.
Items here: ) [[ †† a dagger; a leather armour x2; an orc corpse; a hippogriff corpse The phantom blinks!
You block the phantom's attack.
The phantom blinks!
The phantom blinks!
There is an open door to the Dungeon, spattered with blood here.
Items here: ) [[ †† a dagger; a leather armour x2; an orc corpse; a hippogriff corpse The phantom blinks!
You sock the phantom!
You destroy the phantom!
Cheibriados thoroughly appreciates the change of pace.
Cheibriados raises the support of your attributes as your movement slows.
Your Fighting skill increases to level 12!
You start resting.
Some of the chunks of flesh in your inventory have rotted away.
All of the chunks of flesh in your inventory have rotted away.
HP restored.
Unknown command.
You start resting.
HP restored.
There is an open door to the Dungeon, spattered with blood here.
Items here: ) [[ ÷÷ a dagger; a leather armour x2; an orc skeleton; a hippogriff skeleton You see here a +0 cloak.
You see here a +1 scale mail.
l - a +1 scale mail Wear which item? (? for menu, Esc to quit)
You start removing your armour.
You continue taking off your +0 scale mail. x4
You finish taking off your +0 scale mail.
You start putting on your armour.
You continue putting on your +1 scale mail. x5
You finish putting on your +1 scale mail.
Drop what? 20/52 slots (_ for help) (? for menu, Esc to quit)
You drop a +0 scale mail.
Drop what? 19/52 slots (_ for help) (? for menu, Esc to quit)
You drop a potion of haste.
You drop a potion of berserk rage {!q}.
You see here a +0 cloak.
There is an open door to the Dungeon, spattered with blood here.
Items here: ) [[ ÷÷ a dagger; a leather armour x2; an orc skeleton; a hippogriff skeleton You open the door.
A basilisk, a hound, an ugly thing, a centaur warrior and a troll come into view.
The white ugly thing gurgles horribly!
The basilisk hisses angrily.
The centaur warrior shouts!
The hound barks!
Okay, then.
Unknown command.
Unknown command.
You hit the troll.
The troll is lightly wounded.
The troll bites you! You block the troll's attack. x2
You hit the troll.
The troll is moderately wounded.
You block the troll's attack. x2; The troll claws you!
You sock the troll!
The troll is severely wounded.
You hit the troll.
The troll is severely wounded.
The troll bites you! The troll completely misses you.
The troll closely misses you.
You bludgeon the troll!!
You kill the troll!
Cheibriados appreciates the change of pace.
Cheibriados raises the support of your attributes as your movement slows.
Your Fighting skill increases to level 13!
Your Maces & Flails skill gained 2 levels and is now at level 12!
You have reached level 7!
You closely miss the white ugly thing.
You block the white ugly thing's attack.
You hit the white ugly thing.
The white ugly thing is lightly wounded.
You block the white ugly thing's attack.
You sock the white ugly thing!
The white ugly thing is moderately wounded.
The white ugly thing engulfs you! The white ugly thing freezes you!!
* * * LOW HITPOINT WARNING * * *
You feel much better.
The white ugly thing engulfs you but does no damage.
You feel much better.
The white ugly thing engulfs you but does no damage.
You thump the white ugly thing!
The white ugly thing is heavily wounded.
The white ugly thing engulfs you! The white ugly thing freezes you!
You feel much better. The white ugly thing engulfs you!
The white ugly thing freezes you!!
* * * LOW HITPOINT WARNING * * *
You barely miss the white ugly thing.
The white ugly thing is heavily wounded.
The white ugly thing engulfs you!
* * * LOW HITPOINT WARNING * * *
The white ugly thing freezes you!!
You die...

▓.▓
▓[▓
▓)▓
▓.▓
▓.▓
▓.▓
▓.▓
▓.▓
▓@▓
▓u▓
▓l▓
▓{▓
▓c▓
▓h▓
▓.▓
▓.▓


You could see a white ugly thing, a centaur warrior, a basilisk and a hound.

Vanquished Creatures
  A troll (D)
  A hippogriff (D)
  An ice beast (D)
  A phantom (D)
  An adder zombie (D)
  A dart slug (D)
  A leopard gecko (D)
  2 orcs (D)
  A goblin (D)
  A jackal (D)
  A ball python skeleton (D)
  3 frilled lizards (D)
  A giant cockroach zombie (D)
  A rat (D)
17 creatures vanquished.

Notes
Turn   | Place    | Note
-------+----------+-------------------------------------------
     0 | D        | Mgcat the Hill Orc Fighter began the quest for the Orb.
     0 | D        | Reached XP level 1. HP: 19/19 MP: 1/1
     6 | D        | Reached skill level 4 in Fighting
     6 | D        | Reached skill level 3 in Maces & Flails
    32 | D        | Reached XP level 2. HP: 26/28 MP: 2/2
    34 | D        | Reached skill level 5 in Fighting
    38 | D        | Reached skill level 4 in Maces & Flails
    56 | D        | Found a roughly hewn altar of Beogh.
    56 | D        | Found a snail-covered altar of Cheibriados.
    56 | D        | Found a shadowy altar of Dithmenos.
    56 | D        | Found a white marble altar of Elyvilon.
    56 | D        | Found a blossoming altar of Fedhas.
    56 | D        | Found an opulent altar of Gozag.
    57 | D        | Found a hazy altar of Hepliaklqana.
    58 | D        | Found a viscous altar of Jiyva.
    61 | D        | Found an ancient bone altar of Kikubaaqudgha.
    62 | D        | Became a worshipper of Cheibriados the Contemplative
    63 | D        | Found a corrupted altar of Lugonu.
    64 | D        | Found a burning altar of Makhleb.
    65 | D        | Found a sparkling altar of Nemelex Xobeh.
    66 | D        | Found an iron altar of Okawaru.
    67 | D        | Found a stormy altar of Qazlal.
    68 | D        | Found a sacrificial altar of Ru.
    69 | D        | Found a deep blue altar of Sif Muna.
    70 | D        | Found a bloodstained altar of Trog.
    71 | D        | Found a hide-covered altar of Uskayaw.
    72 | D        | Found a radiant altar of Vehumet.
    73 | D        | Found an ornate altar of the Wu Jian Council.
    74 | D        | Found a shimmering altar of Xom.
    75 | D        | Found a basalt altar of Yredelemnul.
    76 | D        | Found a glowing silver altar of Zin.
    77 | D        | Found a glowing golden altar of the Shining One.
   111 | D        | Noticed a hippogriff
   111 | D        | Noticed an ice beast
   111 | D        | Noticed a phantom
   121 | D        | Killed a hippogriff
   121 | D        | Reached skill level 10 in Fighting
   121 | D        | Reached skill level 9 in Maces & Flails
   121 | D        | Reached XP level 3. HP: 18/45 MP: 3/3
   121 | D        | Reached XP level 4. HP: 20/51 MP: 4/4
   121 | D        | Reached XP level 5. HP: 23/58 MP: 5/5
   124 | D        | Killed an ice beast
   124 | D        | Reached skill level 11 in Fighting
   124 | D        | Reached skill level 10 in Maces & Flails
   124 | D        | Reached XP level 6. HP: 27/68 MP: 6/6
   126 | D        | Reached * piety under Cheibriados
   150 | D        | Killed a phantom
   150 | D        | Reached ** piety under Cheibriados
   150 | D        | Reached skill level 12 in Fighting
   372 | D        | Noticed a troll
   372 | D        | Noticed a white ugly thing
   372 | D        | Noticed a basilisk
   372 | D        | Noticed a centaur warrior
   377 | D        | Killed a troll
   377 | D        | Reached skill level 13 in Fighting
   377 | D        | Reached skill level 12 in Maces & Flails
   377 | D        | Reached XP level 7. HP: 46/79 MP: 7/7
   380 | D        | HP: 8/79 [white ugly thing (29)]
   385 | D        | HP: 2/79 [white ugly thing (9)]
   385 | D        | Annihilated by a white ugly thing

Vault maps used:
D:        linesprint

Skill      XL: |  1  2  3  4  5  6 |
---------------+-------------------+-----
Fighting       | 4 10 11 13 | 13.2
Maces & Flails | 3 9 10 12 | 12.0
Armour         | |  3.2
Shields        | |  3.2

Action                   |  1- 3 |  4- 6 |  7- 9 || total
-------------------------+-------+-------+-------++-------
Melee: Flail             |    45 |    21 |     5 ||    71
  Use: Potion            |       |       |     3 ||     3
Armor: Scale mail        |    19 |     5 |     2 ||    26
Dodge: Dodged            |    14 |     4 |       ||    18
Block: Shield            |    29 |     9 |     2 ||    40

Table legend:
 A = Spawn XP
 B = Non-spawn XP
 C = Spawn XP percentage of total XP
 D = Spawn monster count
 E = Non-spawn monster count
 F = Spawn count percentage of total count
 G = Total turns spent on level
                    A         B        C        D         E        F      G
               +---------+---------+-------+---------+---------+-------+---------
         Total |       0 |     871 |   0.0 |       0 |      17 |   0.0 |   385
               +---------+---------+-------+---------+---------+-------+---------
             D |       0 |     871 |   0.0 |       0 |      17 |   0.0 |   385
               +---------+---------+-------+---------+---------+-------+---------

Vault maps used:
D:        linesprint

Table legend:
 A = Turns spent in this place as a percentage of turns spent in the entire game.
 B = Non-inter-level travel turns spent in this place as a percentage of non-inter-level travel turns spent in the entire game.
 C = Inter-level travel turns spent in this place as a percentage of turns spent in this place.
 D = Turns resting spent in this place as a percentage of non-inter-level travel turns spent in this place.
 E = Turns spent auto-exploring this place as a percentage of non-inter-level travel turns spent in this place.
 F = Non-inter-level travel turns spent in this place divided by the number of levels of this place that you've seen.
                   A       B       C       D       E      F
               +-------+-------+-------+-------+-------+----------------------
         Total | 100.0 | 100.0 |   0.0 |  50.1 |   3.1 | 385.0
       Dungeon | 100.0 | 100.0 |   0.0 |  50.1 |   3.1 | 385.0
               +-------+-------+-------+-------+-------+----------------------

Table legend:
 A = Kills in this place as a percentage of kills in entire the game.
 B = Kills by you in this place as a percentage of kills by you in the entire game.
 C = Kills by friends in this place as a percentage of kills by friends in the entire game.
 D = Other kills in this place as a percentage of other kills in the entire game.
 E = Experience gained in this place as a percentage of experience gained in the entire game.
 F = Experience gained in this place divided by the number of levels of this place that you have seen.
                   A       B       C       D       E      F
               +-------+-------+-------+-------+-------+----------------------
         Total | 100.0 | 100.0 |   N/A |   N/A | 100.0 | 871.0
       Dungeon | 100.0 | 100.0 |   N/A |   N/A | 100.0 | 871.0
               +-------+-------+-------+-------+-------+----------------------
